Map: Temple gelé

Players

bartas

  • Race: Protoss Protoss
  • League: Gold

pupu - Winner!

  • Race: Protoss Protoss
  • League: Silver

VOD

Have the link to the VOD?

Description

Time

  • Played on: April 15, 2016, 9:30 a.m.
  • Length: 13:07
Show
View Real Time Build Order
Export as new Build Order

bartas Protoss 

Build Orders: 1 Gate Expand 

Get SALT Encoding   

  12  0:02  Probe (Chrono Boost)  
  13  0:13  Probe (Chrono Boost)  
  14  0:20  Pylon  
  14  0:24  Probe (Chrono Boost)  
  15  0:32  Assimilator  
  15  0:38  Probe (Chrono Boost)  
  16  0:47  Gateway  
  16  0:56  Probe (Chrono Boost)  
  17  0:58  Assimilator  
  17  1:10  Probe (Chrono Boost)  
  18  1:21  Probe (Chrono Boost)  
  19  1:40  Nexus  
  19  1:44  Probe (Chrono Boost)  
  20  1:55  Probe (Chrono Boost)  
  21  2:06  Probe (Chrono Boost)  
  22  2:12  Pylon  
  22  2:16  Probe (Chrono Boost)  
  22  2:18  Cybernetics Core  
  23  2:31  Probe (Chrono Boost)  
  23  2:34  Pylon  
  24  2:41  Probe (Chrono Boost)  
  25  2:52  Probe (Chrono Boost)  
  25  2:57  Probe (Chrono Boost)  
  27  3:02  Probe (Chrono Boost)  
  27  3:04  Twilight Council  
  28  3:08  Probe (Chrono Boost)  
  28  3:09  Pylon  
  29  3:13  Probe (Chrono Boost)  
  29  3:18  Mothership Core (Chrono Boost)  
  32  3:23  Probe (Chrono Boost)  
  33  3:28  Assimilator  
  33  3:33  Warp Gate (Chrono Boost)  
  33  3:34  Probe  
  33  3:35  Probe, Stalker  
  36  3:41  Gateway  
  36  3:45  Probe  
  36  3:46  Probe  
  38  3:55  Gateway  
  38  3:56  Probe  
  38  3:58  Probe  
  40  4:05  Stalker  
  40  4:06  Probe  
  40  4:08  Pylon  
  43  4:14  Dark Shrine  
  43  4:16  Probe  
  32  4:39  Probe  
  32  4:40  Probe  
  30  4:47  Stalker x2  
  30  4:50  Probe  
  35  4:53  Probe  
  35  4:54  Assimilator  
  36  5:00  Probe  
  36  5:05  Probe  
  38  5:11  Probe  
  38  5:13  Forge  
  39  5:17  Probe (Chrono Boost)  
  40  5:22  Probe (Chrono Boost)  
  41  5:29  Probe (Chrono Boost)  
  41  5:33  Probe (Chrono Boost)  
  43  5:39  Probe (Chrono Boost)  
  43  5:42  Probe (Chrono Boost), Blink (Chrono Boost)  
  44  5:46  Protoss Ground Weapons Level 1 (Chrono Boost)  
  45  5:51  Probe  
  45  5:53  Probe  
  45  5:56  Pylon  
  47  6:03  Probe x2  
  46  6:15  Probe  
  47  6:21  Probe  
  48  6:32  Gateway  
  48  6:33  Gateway  
  48  6:36  Dark Templar  
  48  6:37  Dark Templar  
  52  6:42  Dark Templar  
  52  6:44  Probe  
  55  6:48  Nexus  
  55  6:52  Probe  
  56  6:54  Photon Cannon  
  56  7:04  Probe  
  57  7:10  Dark Templar x2  
  57  7:11  Probe  
  62  7:18  Probe, Pylon  
  62  7:19  Assimilator  
  62  7:20  Dark Templar  
  62  7:21  Probe  
  66  7:40  Nexus  
  66  7:43  Probe  
  61  7:45  Probe  
  41  8:38  Nexus  
  41  9:05  Pylon  
  41  9:10  Dark Templar  
  41  9:30  Probe  
  40  9:41  Probe  
  40  9:43  Gateway  
  40  9:45  Gateway  
  35  9:51  Probe  
  19  10:53  Assimilator  
  19  10:56  Probe, Assimilator  
  19  10:58  Gateway  
  19  11:01  Pylon x2  
  20  11:06  Probe, Pylon  
  20  11:07  Dark Templar x2  
  20  11:08  Assimilator  
  25  11:51  Probe  
  26  12:03  Probe  
  27  12:15  Probe  
  28  12:28  Probe  
  29  12:30  Cybernetics Core  
  29  12:40  Probe  
  30  12:51  Forge  
  30  12:52  Probe  
Show
View Real Time Build Order
Export as new Build Order

pupu Protoss - Winner!

Build Orders: Oracle Opening 

Get SALT Encoding   

  12  0:00  Probe (Chrono Boost)  
  13  0:11  Probe (Chrono Boost)  
  14  0:18  Pylon  
  14  0:22  Probe (Chrono Boost)  
  15  0:36  Probe (Chrono Boost)  
  15  0:38  Gateway  
  16  0:47  Probe (Chrono Boost)  
  17  0:50  Assimilator  
  17  0:57  Probe (Chrono Boost)  
  17  0:59  Assimilator  
  18  1:08  Probe (Chrono Boost)  
  18  1:11  Pylon  
  19  1:18  Probe (Chrono Boost)  
  20  1:29  Probe (Chrono Boost)  
  21  1:36  Cybernetics Core  
  21  1:39  Probe (Chrono Boost)  
  22  1:54  Probe (Chrono Boost)  
  23  2:10  Nexus  
  23  2:16  Stargate  
  23  2:21  Probe (Chrono Boost)  
  24  2:28  Warp Gate (Chrono Boost)  
  24  2:32  Probe  
  25  2:45  Probe  
  25  2:47  Pylon  
  25  2:48  Stalker  
  28  2:57  Mothership Core  
  30  3:05  Oracle (Chrono Boost)  
  33  3:18  Probe, Pylon  
  34  3:23  Gateway  
  34  3:30  Probe  
  34  3:33  Probe  
  35  3:39  Oracle (Chrono Boost)  
  35  3:40  Pylon  
  39  3:43  Probe  
  40  3:52  Gateway  
  40  3:53  Probe  
  41  4:01  Probe  
  42  4:03  Probe  
  42  4:05  Pylon  
  43  4:13  Probe  
  41  4:53  Void Ray (Chrono Boost)  
  45  5:00  Stalker x2  
  45  5:01  Stalker  
  51  5:11  Probe  
  51  5:12  Gateway  
  51  5:13  Probe  
  53  5:15  Gateway  
  53  5:18  Pylon  
  53  5:21  Pylon  
  53  5:22  Probe  
  53  5:25  Probe  
  55  5:29  Forge  
  55  5:30  Stalker x2  
  55  5:31  Robotics Facility  
  55  5:32  Probe, Stalker  
  62  5:37  Probe  
  62  5:42  Void Ray (Chrono Boost)  
  67  6:22  Stalker x3  
  67  6:25  Probe  
  73  6:26  Probe  
  75  6:35  Probe, Immortal  
  80  6:42  Zealot x2  
  84  6:50  Assimilator  
  84  6:52  Assimilator  
  84  6:55  Pylon  
  84  6:58  Probe, Photon Cannon, Pylon  
  84  7:00  Probe  
  86  7:02  Photon Cannon  
  86  7:03  Pylon  
  86  7:10  Stalker  
  86  7:11  Stalker x3  
  86  7:13  Zealot  
  96  7:19  Pylon  
  96  7:23  Pylon  
  95  7:46  Stalker x3  
  96  7:59  Photon Cannon  
  95  8:22  Stalker x3  
  95  8:23  Stalker, Gateway  
  103  8:40  Cybernetics Core  
  103  9:09  Forge  
  103  9:12  Pylon  
  103  9:15  Pylon  
  103  9:16  Pylon  
  103  9:19  Gateway  
  101  9:26  Pylon  
  95  9:39  Robotics Facility  
  93  9:47  Photon Cannon  
  81  10:58  Pylon, Forge  
  79  11:22  Pylon  
  79  11:26  Pylon  
  79  11:40  Probe, Void Ray (Chrono Boost), Observer (Chrono Boost)  
  85  11:49  Photon Cannon  
  85  11:52  Probe  
  74  12:04  Probe  
  71  12:16  Probe  
  72  12:28  Probe  
Tags
 
Add a new tag
Caveats
  • Supply blocks, unpowered buildings, or Contaminate may cause inaccurate times.
  • Supply counts are checked every 10 seconds.